 Dungeon Crawl Stone Soup version 0.28-a0-1389-gc726bef33b (webtiles) character file.

Game seed: 15256087478412352604

27 Grim the Chucker (level 3, 28/28 HPs)
             Began as a Formicid Hunter on Jan 3, 2022.
             Quit the game on level 2 of the Dungeon.
             The game lasted 00:01:16 (1296 turns).

Grim the Chucker (Formicid Hunter)                  Turns: 1296, Time: 00:01:16

Health: 28/28      AC:  3    Str: 18    XL:     3   Next: 25%
Magic:  3/3        EV: 11    Int: 10    God:
Gold:   62         SH:  0    Dex: 11    Spells: 2/2 levels left

rFire   . . .      SeeInvis +   a - +0 short sword
rCold   . . .      Faith    .   (no shield)
rNeg    . . .      Spirit   .   b - +0 leather armour
rPois   .          Reflect  .   (helmet unavailable)
rElec   .          Harm     .   (no cloak)
rCorr   .          Rampage  .   (no gloves)
Will    .....                   (no boots)
Stlth   +.........              (no amulet)
HPRegen 0.09/turn               (no ring)
MPRegen 0.08/turn               (no ring)

@: no status effects
A: permanent stasis, dig shafts and tunnels, antennae 3, four strong arms
a: Dig, Shaft Self


You were on level 2 of the Dungeon.
You visited 1 branch of the dungeon, and saw 2 of its levels.

You collected 62 gold pieces.

Inventory:

Hand Weapons
 a - a +0 short sword (weapon)
Missiles
 c - 6 javelins (quivered)
 d - 2 throwing nets
Armour
 b - a +0 leather armour (worn)
Scrolls
 e - 2 scrolls of identify {unknown}
 f - a scroll of fear {unknown}
 i - a scroll of fog {unknown}
Potions
 g - a potion of berserk rage {unknown}
 h - 2 potions of brilliance {unknown}


   Skills:
 + Level 2.8 Fighting
 * Level 4.6 Throwing
 - Level 1.7 Dodging
 - Level 1.2 Stealth


You had 2 spell levels left.
You didn't know any spells.
Your spell library was empty.

Dungeon Overview and Level Annotations

Branches:
Dungeon (2/15)

Altars:


Innate Abilities, Weirdness & Mutations

You cannot be hasted, slowed, berserked, paralysed or teleported.
You can dig through walls and to a lower floor.
You have a pair of large antennae on your head. (SInv)
Your four strong arms can wield two-handed weapons with a shield.


Message History

You sense a monster nearby.
A goblin comes into view. It is wielding a +0 club.
The helpless goblin fails to defend itself.
You hit the goblin.
You kill the goblin!
No target in view!
You see here a +0 club.
You open the door. You open the door.
Found an escape hatch in the floor.
Found a ring mail.
There is an open door here.
You see here a quokka corpse.
You now have 46 gold pieces (gained 7).
You sense a monster nearby.
A rat comes into view.
A rat is nearby!
The rat barely misses you.
You hit the rat.
You kill the rat!
No target in view!
You see here a rat corpse.
Done exploring.
Done exploring.
(D) Dungeon
Where to? (? - help)
You see here a +0 dagger.
There is a stone staircase leading down here.
You climb downwards.
Found 16 gold pieces and 14 stones.
There is a stone staircase leading up here.
You now have 62 gold pieces (gained 16).
i - a scroll labelled EQUTHE XYAMI
Found 13 poisoned darts.
Found a stone staircase leading down.
No target in view!
e - 2 scrolls labelled ZYOWKE CISSUQO (gained 1)
You see here 13 poisoned darts.
An endoplasm comes into view.
Are you sure you want to abandon this character and quit the game? (Confirm with "yes".)

##### #.... ...J# ....
#.#.# #.##### #.#.#
....... ....# #.## #.#.#
...# #.#.## #..# #.#..#
#..# ######.#@.#.#
#..### #....(......# {
#....####...........#
...............>.......
.....####........##.#...
###.....#.........#.....
................#.# ....
###.....#.......#..#.##
#.....##########.#


You could see an endoplasm (asleep).

Vanquished Creatures
  A dart slug (D:1)
  A ball python (D:1)
  2 bats (D:1)
  An endoplasm (D:1)
  A giant cockroach (D:1)
  3 goblins (D:1)
  2 hobgoblins (D:1)
  2 jackals (D:1)
  4 quokkas (D:1)
  2 kobolds (D:1)
  A rat (D:1)
20 creatures vanquished.

Notes
Turn   | Place    | Note
-------+----------+-------------------------------------------
     0 | D:1      | Grim the Formicid Hunter began the quest for the Orb.
     0 | D:1      | Reached XP level 1. HP: 16/16 MP: 1/1
    75 | D:1      | Reached XP level 2. HP: 18/23 MP: 2/2
   671 | D:1      | Reached XP level 3. HP: 25/28 MP: 3/3
   839 | D:1      | Found a faded altar of an unknown god.
  1296 | D:2      | Quit the game

Illustrated notes

Levels and vault maps discovered:
D:1:      minmay_arrival_four_houses, layout_loops_ring,
          hellmonk_ecumenical_altar_blasted
D:2:      layout_basic, uniq_terence

Action                   || total
-------------------------++-------
Melee: Short sword       ||    54
 Stab: Sleeping          ||     1
Armor: Leather armour    ||    15
Dodge: Dodged            ||    28

Table legend: (Time is in decaauts)
 A = Elapsed time spent in this place.
 B = Non-inter-level travel time spent in this place.
 C = Inter-level travel time spent in this place.
 D = Time resting spent in this place.
 E = Time spent auto-exploring this place.
 F = Levels seen in this place.
 G = Mean time per level.
                   A        B        C        D        E       F      G
               +--------+--------+--------+--------+--------+-----+--------+
         Total |   1301 |   1268 |     33 |     94 |   1028 |   2 |  650.5 |
       Dungeon |   1301 |   1268 |     33 |     94 |   1028 |   2 |  650.5 |
               +--------+--------+--------+--------+--------+-----+--------+

Top non-repeatable levels by time:
     D:1: 1250 daAuts
     D:2: 50 daAuts
